 Dungeon Crawl Stone Soup version 0.25.0-46-gbd7b0854d2 (webtiles) character file.

Game seed: 16759403604131261721

64 Ethylacetat the Shooter (level 4, -1/40 HPs)
             Began as a Naga Hunter on July 12, 2020.
             Slain by a jackal (2 damage)
             ... on level 2 of the Dungeon.
             The game lasted 00:05:20 (1919 turns).

Ethylacetat the Shooter (Naga Hunter)               Turns: 1919, Time: 00:05:21

Health: -1/40      AC:  2    Str: 15    XL:     4   Next: 12%
Magic:  4/4        EV:  9    Int: 11    God:
Gold:   100        SH:  0    Dex: 12    Spells: 3/3 levels left

rFire    . . .     SeeInvis +   a - +1 shortbow
rCold    . . .     Gourm    .   (shield currently unavailable)
rNeg     . . .     Faith    .   c - +0 leather armour
rPois    +         Spirit   .   (no helmet)
rElec    .         Reflect  .   (no cloak)
rCorr    .         Harm     .   (no gloves)
MR       .....                  (no barding)
Stlth    +.........             (no amulet)
HPRegen  0.13/turn              (no ring)
MPRegen  0.09/turn              (no ring)

@: very slow
A: large, see invisible, deformed body, poison resistance, slowness 2, slow
metabolism 1, spit poison 1, AC +1
a: Spit Poison


You were on level 2 of the Dungeon.
You were hungry.

You visited 1 branch of the dungeon, and saw 2 of its levels.

You collected 100 gold pieces.

Inventory:

Hand Weapons
 a - a +1 shortbow (weapon)
 h - a +0 dagger
Missiles
 d - 11 arrows (quivered)
Armour
 c - a +0 leather armour (worn)
Jewellery
 i - an uncursed amulet of guardian spirit {unknown}
Scrolls
 b - a scroll of remove curse {unknown}
 e - a scroll of immolation {unknown}
Potions
 g - 2 potions of mutation {unknown}
Comestibles
 f - 2 rations
 j - 2 chunks of flesh


   Skills:
 + Level 2.6 Fighting
 * Level 4.7 Bows
 - Level 1.6 Dodging
 - Level 1.5 Stealth


You had 3 spell levels left.
You didn't know any spells.
Your spell library was empty.

Dungeon Overview and Level Annotations

Branches:
Dungeon (2/15)

Altars:


Innate Abilities, Weirdness & Mutations

You cannot wear boots.
Your serpentine skin is tough. (AC +1)
You have supernaturally acute eyesight. (SInv)
Armour fits poorly on your strangely shaped body.
Your system is resistant to poisons. (rPois)
You cover ground very slowly.
You have a slow metabolism.
You can spit poison.


Message History

Press: ? - help, Shift-Dir - straight line, f - jackal
Aim: a jackal You shoot an arrow.
The arrow misses the jackal.
The kobold throws a stone.
The stone hits you but does no damage. The jackal bites you.
* * * LOW HITPOINT WARNING * * *
The kobold throws a stone.
The stone hits you but does no damage.
Firing (i - inventory)
d - 13 arrows (quivered)
Press: ? - help, Shift-Dir - straight line, f/p - jackal
Aim: a jackal You shoot an arrow.
The arrow closely misses the jackal.
The jackal bites you.
* * * LOW HITPOINT WARNING * * *
The jackal bites you.
* * * LOW HITPOINT WARNING * * *
The kobold throws a stone.
The stone hits you.
* * * LOW HITPOINT WARNING * * *
Firing (i - inventory)
d - 12 arrows (quivered)
Press: ? - help, Shift-Dir - straight line, f/p - jackal
Aim: a jackal You shoot an arrow.
The arrow barely misses the jackal.
The jackal bites you.
You die...

#..#...÷#..#
####...(.....#
#........(..#####...
#............)......
#......)....########
###..........÷#########
..#...............(...#
#................(....##
####.÷..........@(K.?...
###........[..h....##
##.......#.#<(.....
+...##....######..
#...##....# .
....##....# ######....
#...


You could see a jackal and a kobold.

Vanquished Creatures
  A gnoll (D:1)
  2 adders (D:2)
  2 dart slugs (D:1)
  A leopard gecko (D:2)
  A ball python (D:2)
  A goblin (D:2)
  3 hobgoblins
  3 jackals (D:2)
  9 kobolds
  2 bats (D:1)
  3 frilled lizards
  4 rats
32 creatures vanquished.

Notes
Turn   | Place    | Note
-------+----------+-------------------------------------------
     0 | D:1      | Ethylacetat the Naga Hunter began the quest for the Orb.
     0 | D:1      | Reached XP level 1. HP: 19/19 MP: 1/1
    61 | D:1      | Reached skill level 4 in Bows
    61 | D:1      | Reached XP level 2. HP: 26/26 MP: 2/2
   639 | D:1      | Reached XP level 3. HP: 32/32 MP: 3/3
  1849 | D:2      | Reached XP level 4. HP: 31/40 MP: 4/4
  1918 | D:2      | HP: 1/40 [kobold/stone (2)]
  1919 | D:2      | Slain by a jackal

Illustrated notes

Levels and vault maps discovered:
D:1:      dpeg_arrival_shelter, layout_basic
D:2:      layout_basic, minmay_misc_feat_iff, minmay_divided_ellipse,
          uniq_natasha, uniq_crazy_yiuf_cottage

Skill      XL: |  1 |
---------------+----+-----
Bows           | 4 |  4.7
Fighting       | |  2.6
Dodging        | |  1.6
Stealth        | |  1.5

Action                   |  1- 3 |  4- 6 || total
-------------------------+-------+-------++-------
Melee: Short sword       |    19 |       ||    19
       Dagger            |    94 |     9 ||   103
 Fire: Shortbow          |     1 |     8 ||     9
 Abil: Spit Poison       |    23 |     3 ||    26
  Eat: Chunk             |     3 |       ||     3
Armor: Leather armour    |    24 |     6 ||    30
Dodge: Dodged            |    79 |    20 ||    99
